 Dungeon Crawl Stone Soup version 0.17-a0-1393-gcb420ff (webtiles) character file.

10257 Raurakos the Martial Artist (level 11, -10/49 HPs)
             Began as a Vine Stalker Transmuter on June 16, 2015.
             Was a High Priest of Makhleb.
             Mangled by DEFE's ghost (22 damage)
             ... on level 10 of the Dungeon.
             The game lasted 00:51:34 (9854 turns).

Raurakos the Martial Artist (VSTm)                  Turns: 9854, Time: 00:51:34

Health: -10/49     AC:  6    Str: 13    XL:     11   Next: 59%
Magic:  0/17       EV: 17    Int: 13    God:    Makhleb [*****.]
Gold:   580        SH:  0    Dex: 18    Spells: 4 memorised, 4 levels left

rFire  . . .     SeeInvis +       - Unarmed
rCold  . . .     Clarity  .     O - +1 robe {MR+}
rNeg   . . .     SustAt   .     (shield currently unavailable)
rPois  .         Gourm    .     (no helmet)
rElec  .         Spirit   +     H - +2 cloak
rCorr  .         Warding  .     (gloves currently unavailable)
rMut   .         Stasis   .     (no boots)
MR     ++...                    (no amulet)
Stlth  ++........               (no ring)
                                y - ring of see invisible

@: blade hands, very resistant to hostile enchantments, unstealthy
A: fangs 3, regeneration 2, magic shield, antimagic bite, no device heal 3, rot
immunity
a: End Transformation, Minor Destruction, Lesser Servant of Makhleb, Major
Destruction, Greater Servant of Makhleb, Renounce Religion


You were on level 10 of the Dungeon.
You worshipped Makhleb.
Makhleb was extremely pleased with you.
You were hungry.
You had blades for hands.
You visited 2 branches of the dungeon, and saw 11 of its levels.

You collected 580 gold pieces.

Inventory:

Hand weapons
 D - a +0 blowgun
Missiles
 f - 61 poisoned needles
 v - 2 throwing nets (quivered)
Armour
 l - a +1 pair of gloves (melded)
 x - a +0 leather armour
 H - a +2 cloak (worn)
 J - a +0 robe of fire resistance
 O - a +1 robe of magic resistance (worn)
Jewellery
 y - a ring of see invisible (left scythe-like blade)
Magical devices
 m - a wand of enslavement (10)
 M - a wand of fireball (9)
 N - a wand of cold (5)
 P - a wand of slowing (30)
 Q - a wand of polymorph (8)
Scrolls
 a - 2 scrolls of noise {unknown}
 b - 7 scrolls of teleportation
 e - 5 scrolls of remove curse
 h - a scroll of magic mapping
 i - 4 scrolls of enchant armour
 j - 2 scrolls of enchant weapon {unknown}
 p - a scroll of amnesia {unknown}
 u - 5 scrolls of fog {unknown}
 A - a scroll of random uselessness {unknown}
 C - a scroll of immolation {unknown}
 K - a scroll of fear {unknown}
 L - a scroll of blinking {unknown}
Potions
 k - a potion of berserk rage {unknown}
 n - 2 potions of lignification {unknown}
 o - 5 potions of brilliance
 q - 3 potions of agility
 s - 2 potions of cancellation {unknown}
 t - a potion of curing
 z - 3 potions of magic
 F - a potion of haste {unknown}
Books
 c - a book of Changes

   Spells                             Type                      Level
   a - Beastly Appendage              Transmutation                1
   b - Sticks to Snakes               Transmutation                2
   c - Spider Form                    Transmutation/Poison         3
   d - Ice Form                       Ice/Transmutation            4
   e - Blade Hands                    Transmutation                5
 w - an Akashic Record {highlevel, unknown}

   This book is beyond your current level of understanding.

   Spells                             Type                      Level
   a - Dispersal                      Translocation                6
   b - Controlled Blink               Translocation                7
   c - Malign Gateway                 Summoning/Translocation      7
   d - Disjunction                    Translocation                8
   e - Singularity                    Translocation                9
 R - a book of Envenomations

   Spells                             Type                      Level
   a - Spider Form                    Transmutation/Poison         3
   b - Alistair's Intoxication        Transmutation/Poison         4
   c - Olgreb's Toxic Radiance        Poison                       4
   d - Poisonous Cloud                Conjuration/Poison/Air       6
Comestibles
 d - 5 bread rations
 g - 4 meat rations
 r - 2 beef jerkies
 B - a slice of pizza
 E - 5 fruits
 G - a royal jelly
 I - 10 chunks of flesh


   Skills:
 - Level 1.1 Fighting
 + Level 6.7 Dodging
 - Level 10.3 Unarmed Combat
 - Level 2.1 Spellcasting
 - Level 10.0 Transmutations
 - Level 4.0 Poison Magic
 - Level 7.1 Invocations


You had 4 spell levels left.
You knew the following spells:

 Your Spells              Type           Power        Failure   Level  Hunger
a - Apportation           Tloc           #.........   67%         1    ##.....
b - Blade Hands           Trmt           ####......   50%         5    ######.
c - Spider Form           Trmt/Pois      ###.......   32%         3    ####...
d - Beastly Appendage     Trmt           ####..       12%         1    ##.....


Dungeon Overview and Level Annotations

Branches:
Dungeon (10/15)            Temple (1/1) D:4
   Lair: D:8-11         Orc: D:9-12

Altars:
Ashenzari
Cheibriados
Dithmenos
Elyvilon
Fedhas
Gozag
Kikubaaqudgha
Makhleb
Nemelex Xobeh
Okawaru
Qazlal
Ru
Sif Muna
Trog
Vehumet
Xom
Yredelemnul
Zin
The Shining One
Lugonu

Shops:
D:4 (   D:7 %::(

Annotations:
D:10 DEFE's ghost, powerful FoFi


Innate Abilities, Weirdness & Mutations

You have razor-sharp teeth.
You heal very quickly.
When hurt, damage is shared between your health and your magic reserves.
Your bite disrupts and absorbs the magic of your enemies.
Potions and wands cannot restore your health.
You are immune to rotting.


Message History

Your neqoxec closely misses DEFE's ghost.
DEFE's ghost hits you.
You hit DEFE's ghost but do no damage.
You bite DEFE's ghost, but do no damage.
DEFE's ghost is moderately damaged.
You are feeling hungry.
Your neqoxec completely misses DEFE's ghost.
DEFE's ghost hits you!
You slash DEFE's ghost!
DEFE's ghost is heavily damaged.
Your neqoxec hits DEFE's ghost but does no damage.
You slash DEFE's ghost! You slash DEFE's ghost.
DEFE's ghost is severely damaged.
DEFE's ghost hits you!
* * * LOW HITPOINT WARNING * * *
You slash DEFE's ghost!
You bite DEFE's ghost, but do no damage.
DEFE's ghost is severely damaged.
Your neqoxec hits DEFE's ghost. DEFE's ghost hits you!!
You die...

#........##.##### #.#####.....
##......###.## ##...##......
####.#......# ##.##..#......
#.........# #...#..>......
#..........####.............
#.#...>(.#.......#####.#....
##)###########..........#....
#..# ########..#.#.........†.
##..###......@W.....######....
#....>†......3...#### #....
#....###........## ##...
#....# #........# ##.. ##..##
#........# ### #..# #........#
#### ##########


You could see DEFE's ghost and a friendly neqoxec.

Vanquished Creatures
  An unseen horror (D:10)
  3 hill giants (D:10)
  Pikel (D:7)
  An ugly thing (D:9)
  The ghost of DEFE the Firebug, an experienced FoFE of Vehumet (D:4)
  Sigmund (D:6)
  A deep elf mage (D:9)
  A wyvern (D:7)
  Eustachio (D:5)
  4 yaks (D:10)
  A steam dragon (D:8)
  3 hippogriffs
  A water moccasin (D:10)
  4 wolves
  An orc warrior (D:10)
  2 phantoms
  5 ogres
  The ghost of DEFE the Vexing, an average FeEn (D:3)
  An eye of draining (D:10)
  2 centaurs
  4 ice beasts
  2 slaves (D:7)
  A necrophage (D:7)
  A sky beast (D:5)
  4 giant frogs
  A big kobold (D:6)
  3 scorpions
  A wyvern skeleton (D:8)
  16 killer bees
  9 wights
  3 electric eels (D:10)
  A centaur zombie (D:6)
  7 hounds
  8 crimson imps
  2 orc priests
  2 centaur skeletons (D:5)
  9 orc wizards
  2 giant frog skeletons
  Natasha (thrice) (D:4)
  2 iguanas
  7 worker ants
  2 hound zombies
  A hound skeleton (D:9)
  Robin (D:4)
  A worker ant zombie (D:5)
  12 adders
  5 gnolls
  A shadow imp (D:9)
  3 oozes
  An adder zombie (D:5)
  2 adder skeletons (D:9)
  2 worms
  5 giant geckos
  36 orcs
  A bat skeleton (D:5)
  3 bat zombies
  3 giant cockroaches
  17 hobgoblins
  24 kobolds
  17 bats
  4 giant newts
  15 goblins
  5 quokkas
  16 rats
  2 rat zombies (D:3)
303 creatures vanquished.

Vanquished Creatures (collateral kills)
  A yak (D:10)
1 creature vanquished.

Grand Total: 304 creatures vanquished

Notes
Turn   | Place    | Note
--------------------------------------------------------------
     0 | D:1      | Raurakos the Vine Stalker Transmuter began the quest for the Orb.
     0 | D:1      | Reached XP level 1. HP: 9/9 MP: 4/4
   347 | D:1      | Reached XP level 2. HP: 14/14 MP: 6/6
   850 | D:2      | Reached skill level 4 in Unarmed Combat
   923 | D:2      | Reached XP level 3. HP: 14/17 MP: 5/7
   995 | D:2      | Found a faded altar to an unknown god.
  1440 | D:2      | Found an opulent altar of Gozag.
  1580 | D:3      | Found a sparkling altar of Nemelex Xobeh.
  1603 | D:3      | Noticed DEFE's ghost (average FeEn)
  1777 | D:3      | Reached XP level 4. HP: 19/21 MP: 6/8
  1783 | D:3      | Learned a level 3 spell: Spider Form
  1813 | D:3      | Found a deep blue altar of Sif Muna.
  1868 | D:3      | Found a stormy altar of Qazlal.
  1907 | D:3      | Reached skill level 5 in Unarmed Combat
  1961 | D:3      | Found a shimmering altar of Xom.
  1962 | D:3      | Found a shimmering altar of Xom.
  1962 | D:3      | Found a shimmering altar of Xom.
  1964 | D:3      | Found a shimmering altar of Xom.
  1964 | D:3      | Found a shimmering altar of Xom.
  1965 | D:3      | Found a shimmering altar of Xom.
  1985 | D:3      | Found an ancient bone altar of Kikubaaqudgha.
  2126 | D:4      | Noticed DEFE's ghost (experienced FoFE)
  2151 | D:4      | Noticed Natasha
  2159 | D:4      | Killed Natasha
  2162 | D:4      | Reached XP level 5. HP: 15/25 MP: 9/9
  2167 | D:4      | Noticed Robin
  2243 | D:4      | Noticed an ogre
  2286 | D:4      | Killed Robin
  2367 | D:4      | Found a staircase to the Ecumenical Temple.
  2376 | Temple   | Entered the Ecumenical Temple
  2391 | Temple   | Became a worshipper of Makhleb the Destroyer
  2623 | D:4      | Noticed Natasha
  2634 | D:4      | Killed Natasha
  2749 | D:4      | Killed DEFE's ghost
  2749 | D:4      | Reached skill level 7 in Unarmed Combat
  2749 | D:4      | Gained mutation: You heal very quickly. [Vine Stalker growth]
  2749 | D:4      | Reached XP level 6. HP: 22/29 MP: 10/10
  2749 | D:4      | Reached XP level 7. HP: 24/32 MP: 11/11
  2899 | D:4      | Found Patia's Antique Weapon Emporium.
  2909 | D:4      | Learned a level 1 spell: Apportation
  2915 | D:4      | Learned a level 5 spell: Blade Hands
  3010 | D:4      | Noticed Natasha
  3025 | D:4      | Killed Natasha
  3156 | D:5      | Entered Level 5 of the Dungeon
  3176 | D:5      | Reached skill level 8 in Unarmed Combat
  3298 | D:4      | Reached skill level 1 in Poison Magic
  3524 | D:5      | Acquired Makhleb's first power
  3726 | D:5      | Gained mutation: You have razor-sharp teeth. [Vine Stalker growth]
  3726 | D:5      | Reached XP level 8. HP: 37/37 MP: 12/12
  3868 | D:5      | Reached skill level 5 in Transmutations
  4008 | D:5      | Found a sacrificial altar of Ru.
  4107 | D:5      | Noticed Eustachio
  4230 | D:5      | Killed Eustachio
  4326 | D:5      | Acquired Makhleb's second power
  4819 | D:6      | Reached XP level 9. HP: 40/40 MP: 13/13
  4889 | D:6      | Acquired Makhleb's third power
  4958 | D:6      | Found a white marble altar of Elyvilon.
  5304 | D:6      | Reached skill level 5 in Dodging
  5314 | D:6      | Reached skill level 1 in Fighting
  5386 | D:6      | Noticed Sigmund
  5522 | D:6      | Killed Sigmund
  6115 | D:3      | Found an ancient bone altar of Kikubaaqudgha.
  6218 | D:3      | Killed DEFE's ghost
  6424 | D:7      | Found a sacrificial altar of Ru.
  6498 | D:7      | Reached skill level 9 in Unarmed Combat
  6543 | D:7      | Found Wigy's Book Emporium.
  6650 | D:7      | Found Cali's Weapon Boutique.
  6786 | D:7      | Acquired Makhleb's fourth power
  6787 | D:7      | Found a radiant altar of Vehumet.
  6869 | D:7      | Reached skill level 1 in Invocations
  6908 | D:7      | Noticed Pikel
  6925 | D:7      | Killed Pikel
  6925 | D:7      | Reached XP level 10. HP: 45/45 MP: 8/14
  6934 | D:7      | Found Codaf's Food Emporium.
  6986 | D:7      | Reached skill level 5 in Invocations
  7097 | D:7      | Found Hihaddit's Book Emporium.
  7653 | D:8      | Found an iron altar of Okawaru.
  8025 | D:8      | Acquired Makhleb's fifth power
  8196 | D:9      | Noticed a red ugly thing
  8225 | D:9      | Found a snail-covered altar of Cheibriados.
  8433 | D:9      | Found a glowing silver altar of Zin.
  8639 | D:9      | Found a bloodstained altar of Trog.
  8791 | D:10     | Entered Level 10 of the Dungeon
  8791 | D:10     | Noticed a hill giant
  8818 | D:10     | Noticed a hill giant
  8834 | D:10     | Killed a hill giant
  8834 | D:10     | Reached skill level 10 in Unarmed Combat
  8860 | D:10     | Noticed an unseen horror
  8911 | D:10     | Killed an unseen horror
  8936 | D:10     | Reached XP level 11. HP: 49/49 MP: 17/17
  8961 | D:10     | Noticed a hill giant
  8978 | D:10     | Killed a hill giant
  9048 | D:10     | Noticed DEFE's ghost (powerful FoFi)
  9163 | D:10     | Killed a hill giant
  9474 | D:9      | Killed a red ugly thing
  9671 | D:10     | Reached skill level 10 in Transmutations
  9854 | D:10     | Mangled by DEFE's ghost

Vault maps used:
D:1:      dpeg_arrival_oval, kennysheep_decorative_pillar
D:2:      first_bread, ecumenical_altar_2, hex_tiny, grunt_gozag_statues
D:3:      led_sif_book, lemuel_doored_altar, xom_redecorated,
          lemuel_round_altar, lemuel_zombie_altar_kikubaaqudgha,
          kennysheep_flooded_box
D:4:      minmay_temple_entry_trees, serial_shops, shop, uniq_natasha,
          uniq_robin
D:5:      lemuel_round_altar, uniq_eustachio
D:6:      elyvilon_altar_5, minmay_misc_feat_hallway, grunt_ministairs_3,
          uniq_sigmund
D:7:      lemuel_coloured_pillars_altar, basic_altar, serial_shops, shop,
          shop_statue, shop, nicolae_shop_behind_doors, uniq_pikel
D:8:      okawaru_altar_gauntlet_db
D:9:      old_standard_altar, zin_scriptorium, overflow_temple_1_default,
          hangedman_fish_farm
D:10:     erik_lair_island
Temple:   corrupted_temple

Action                   |  1- 3 |  4- 6 |  7- 9 | 10-12 || total
-------------------------+-------+-------+-------+-------++-------
Melee: Unarmed           |   108 |   106 |   498 |   414 ||  1126
Throw: Stone             |    15 |    15 |    50 |       ||    80
       Throwing net      |       |       |       |     1 ||     1
 Cast: Apportation       |       |       |     3 |     9 ||    12
       Spider Form       |       |       |    12 |    16 ||    28
       Blade Hands       |       |       |       |     4 ||     4
Invok: Minor Destruction |       |       |       |    51 ||    51
       Lesser Servant of |       |       |       |     4 ||     4
  Use: Scroll            |       |     1 |     7 |     5 ||    13
       Potion            |       |       |       |     1 ||     1
 Stab: Sleeping          |     6 |     1 |     4 |     1 ||    12
       Distracted        |     1 |       |       |     2 ||     3
  Eat: Chunk             |     2 |     4 |    15 |    16 ||    37
